AoeStats
← MZTK | PinPon

Arabia

509889582Analyzed
1v1 RM · 3d ago on Sep 28, 2026· 15m 5s· 2 players
Game mode
Random Map
Map size
Tiny (2 player)
Population
200
Speed
Normal
Resources
Standard
Victory
Conquest
Starting age
Dark Age
Ending age
Imperial Age
RankedLock teamsTeams togetherTeam positionsShared explorationLock speedFull tech treeHidden civsTurbo modeCheats
Victory
Defeat
🇺🇸 Britons · United States
995
+16
🇬🇧 Japanese · United Kingdom
1000
-48
MZTK | PinPon
7:20 Loom
10:14 Feudal Age
12:49 Fletching
14:01 Padded Archer Armor
sho7shin
8:23 Loom
11:49 Feudal Age
12:13 Horse Collar
12:31 Double-Bit Axe
12:48 Man-at-Arms
Connection lost

Rejoining the realm…

Still unreachable

The connection could not be restored.

Session expired

The server has moved on; the page needs a fresh start.